 Dungeon Crawl Stone Soup version 0.26-a0-540-g8a0c9464d7 (webtiles) character file.

Game seed: 2360310891826747369

315 ANON1729 the Sneak (level 6, 0/37 HPs)
             Began as a Kobold Brigand on Aug 15, 2020.
             Killed by divine providence
             ... invoked by an orc priest
              (8 damage)
             ... on level 3 of the Dungeon.
             The game lasted 00:02:58 (2610 turns).

ANON1729 the Sneak (Kobold Brigand)                 Turns: 2610, Time: 00:02:59

Health: 0/37       AC:  4    Str:  9    XL:     6   Next: 72%
Magic:  6/6        EV: 16    Int: 12    God:
Gold:   107        SH:  0    Dex: 18    Spells: 5/5 levels left

rFire    . . .     SeeInvis .   a - +2 dagger
rCold    . . .     Faith    .   (shield restricted)
rNeg     . . .     Spirit   .   b - +0 robe
rPois    .         Reflect  .   j - +1 hat
rElec    .         Harm     .   c - +0 cloak
rCorr    .                      (no gloves)
MR       .....                  (no boots)
Stlth    +++++.....             (no amulet)
HPRegen  0.12/turn              (no ring)
MPRegen  0.10/turn              (no ring)

@: lethally poisoned (0 -> -5)
A: small, nightstalker 3
a: no special abilities


You were on level 3 of the Dungeon.
You visited 1 branch of the dungeon, and saw 3 of its levels.

You collected 107 gold pieces.

Inventory:

Hand Weapons
 a - a +2 dagger (weapon)
Missiles
 e - 8 poisoned darts
 o - 2 curare-tipped darts (quivered)
Armour
 b - a +0 robe (worn)
 c - a +0 cloak (worn)
 j - a +1 hat (worn)
Jewellery
 f - an uncursed ring of see invisible {unknown}
Wands
 d - a wand of paralysis (5)
 l - a wand of random effects (25)
Scrolls
 h - a scroll of remove curse {unknown}
 i - 4 scrolls of identify {unknown}
 k - a scroll of magic mapping {unknown}
 m - a scroll of enchant armour {unknown}
 n - a scroll of teleportation {unknown}
Potions
 g - 5 potions of curing {unknown}


   Skills:
 + Level 3.4 Fighting
 * Level 4.9 Short Blades
 + Level 3.4 Throwing
 + Level 3.2 Dodging
 * Level 7.0 Stealth


You had 5 spell levels left.
You didn't know any spells.
Your spell library was empty.

Dungeon Overview and Level Annotations

Branches:
Dungeon (3/15)

Altars:


Innate Abilities, Weirdness & Mutations

You are small and have problems with some larger weapons.
You are completely attuned to the shadows.


Message History

The orc priest is moderately wounded.
The adder misses you.
You closely miss the orc priest.
The orc priest is moderately wounded.
The adder bites you.
You are poisoned.
The adder poisons you!
The orc priest mumbles some strange prayers to Beogh against you.
Pain shoots through your body!
The orc priest calls upon Beogh to heal the orc priest.
The orc priest's wounds heal themselves!
You feel sick. The adder bites you. The adder closely misses you.
The adder bites you.
* * * LOW HITPOINT WARNING * * *
You are more poisoned.
The adder poisons you!
The orc priest mumbles some strange prayers to Beogh against you.
Beogh smites you!
You die...

...#...)...............<..
.....####.##############.#
#.#..# #.# ... #....# #.#
... ###...# #.# ####... ..
......# #<# ......#
####..### #.# ......#
.........# #.# . ......#
.......#.# #@# .. ....<.#
.......#.###S##...
......####
#...........o.'...
......'...
#.#..#.....#o##...
......##.[
#...####.#........
..........
#...†[.>.###.#####
#######.. #...†).....#.#
#.. #.....#..#.#.# #..
..#+#.###..# # #..


You could see 2 orc priests and an adder.

Vanquished Creatures
  An ogre (D:2)
  A howler monkey (D:2)
  Ijyb (D:3)
  Jessica (D:2)
  4 gnolls (D:3)
  5 adders
  A worm (D:2)
  A dart slug (D:1)
  A leopard gecko (D:2)
  An orc (D:3)
  2 giant cockroaches (D:1)
  11 goblins
  6 hobgoblins
  3 quokkas
  2 bats
  3 frilled lizards
  8 kobolds
  5 rats
57 creatures vanquished.

Notes
Turn   | Place    | Note
-------+----------+-------------------------------------------
     0 | D:1      | ANON1729 the Kobold Brigand began the quest for the Orb.
     0 | D:1      | Reached XP level 1. HP: 12/12 MP: 1/1
     2 | D:1      | Noticed a demigod
     2 | D:1      | Noticed a naga
     6 | D:1      | Noticed a vine stalker
     6 | D:1      | Noticed a minotaur
     8 | D:1      | Noticed a gargoyle
    10 | D:1      | Noticed a felid
    10 | D:1      | Noticed an elf
    12 | D:1      | Noticed a merfolk
    14 | D:1      | Noticed a human
    14 | D:1      | Noticed a formicid
    16 | D:1      | Noticed a draconian
    16 | D:1      | Noticed a vampire
    18 | D:1      | Noticed a spriggan
    18 | D:1      | Noticed a tengu
    20 | D:1      | Noticed an ogre
    20 | D:1      | Noticed a centaur
    22 | D:1      | Noticed a halfling
    22 | D:1      | Noticed an octopode
    24 | D:1      | Noticed a demonspawn
    24 | D:1      | Noticed a troll
    26 | D:1      | Noticed a ghoul
    26 | D:1      | Noticed a dwarf
   100 | D:1      | Reached XP level 2. HP: 14/18 MP: 2/2
   644 | D:1      | Reached XP level 3. HP: 22/22 MP: 3/3
  1083 | D:2      | Reached XP level 4. HP: 27/27 MP: 4/4
  1439 | D:2      | Noticed Jessica
  1449 | D:2      | Killed Jessica
  1449 | D:2      | Reached skill level 6 in Stealth
  1462 | D:2      | Reached XP level 5. HP: 32/32 MP: 5/5
  1579 | D:2      | Noticed an ogre
  1583 | D:2      | Killed an ogre
  1716 | D:2      | Reached XP level 6. HP: 37/37 MP: 6/6
  2380 | D:3      | Noticed Ijyb
  2390 | D:3      | Paralysed by Ijyb for 2 turns
  2394 | D:3      | Killed Ijyb
  2394 | D:3      | Reached skill level 7 in Stealth
  2610 | D:3      | Killed from afar by an orc priest

Illustrated notes

Levels and vault maps discovered:
D:1:      kb_arrival_jail, layout_basic, minmay_strange_pillars
D:2:      layout_loops_corners, uniq_jessica
D:3:      layout_basic, uniq_ijyb

Skill      XL: |  1  2  3  4  5  6 |
---------------+-------------------+-----
Short Blades   | 3 4 |  4.9
Dodging        | 2 3 |  3.2
Stealth        | 6 7 |  7.0
Fighting       | 3 |  3.4
Throwing       | 3 |  3.4

Action                   |  1- 3 |  4- 6 || total
-------------------------+-------+-------++-------
Melee: Dagger            |    66 |    87 ||   153
Throw: Dart              |       |    12 ||    12
 Stab: Sleeping          |    12 |    21 ||    33
Armor: Robe              |     7 |     4 ||    11
Dodge: Dodged            |    27 |    44 ||    71

Table legend: (Time is in decaauts)
 A = Elapsed time spent in this place.
 B = Non-inter-level travel time spent in this place.
 C = Inter-level travel time spent in this place.
 D = Time resting spent in this place.
 E = Time spent auto-exploring this place.
 F = Levels seen in this place.
 G = Mean time per level.
                   A        B        C        D        E       F      G
               +--------+--------+--------+--------+--------+-----+--------+
         Total |   2581 |   2553 |     28 |    353 |   1830 |   3 |  860.3 |
       Dungeon |   2581 |   2553 |     28 |    353 |   1830 |   3 |  860.3 |
               +--------+--------+--------+--------+--------+-----+--------+

Top non-repeatable levels by time:
     D:2: 1073 daAuts
     D:1: 934 daAuts
     D:3: 573 daAuts
